 Dungeon Crawl Stone Soup version 0.29.0-4-gdea44cf6ec (webtiles) character file.

Game seed: 9673291862100682845

427 Armakuni the Conjurer (level 6, -2/45 HPs)
             Began as a Demigod Conjurer on Aug 27, 2022.
             Slain by a sky beast (6 damage)
             ... on level 4 of the Dungeon.
             The game lasted 00:09:50 (3495 turns).

Armakuni the Conjurer (Demigod Conjurer)            Turns: 3495, Time: 00:09:50

Health: -2/45      AC:  6    Str: 16    XL:     6   Next: 37%
Magic:  16/20      EV: 12    Int: 20    God:
Gold:   535        SH:  0    Dex: 12    Spells: 2/8 levels left

rFire   . . .      SeeInvis .   a - +0 flail (vorpal)
rCold   . . .      Faith    .   (no shield)
rNeg    . . .      Spirit   .   i - +0 robe
rPois   .          Reflect  .   k - +2 helmet
rElec   .          Harm     .   (no cloak)
rCorr   .          Rampage  .   e - +0 pair of gloves
Will    .....                   (no boots)
Stlth   ++........              (no amulet)
HPRegen 0.15/turn               P - ring of magical power
MPRegen 0.17/turn               (no ring)

@: on berserk cooldown, slowed, very slow
A: high MP 1, forlorn, divine attributes
a: no special abilities


You were on level 4 of the Dungeon.
You visited 2 branches of the dungeon, and saw 5 of its levels.

You collected 535 gold pieces.

Inventory:

Hand Weapons
 a - a +0 vorpal flail (weapon)
Armour
 e - a +0 pair of gloves (worn)
 g - a +0 leather armour
 i - a +0 robe (worn)
 k - a +2 helmet (worn)
 n - a +0 buckler
 o - a +0 scale mail
 r - an orb of wrath
Magical Staves
 j - a staff of fire
Jewellery
 P - a ring of magical power (left hand)
Wands
 l - a wand of light (13)
 m - a wand of mindburst (5)
 p - a wand of polymorph (8)
Scrolls
 c - 2 scrolls of vulnerability
 h - a scroll of teleportation
 q - a scroll of poison
 s - a scroll of butterflies
 u - a scroll of blinking
Potions
 b - a potion of magic
 d - 3 potions of haste
 f - a potion of lignification


   Skills:
 - Level 1.7 Dodging
 - Level 1.7 Stealth
 - Level 1.7 Spellcasting
 + Level 6.6 Conjurations
 + Level 2.9 Translocations


You had 2 spell levels left.
You knew the following spells:

 Your Spells              Type           Power      Damage    Failure   Level
m - Iskenderun's Mystic   Conj/Tloc      20%        2d6       22%         4
z - Searing Ray           Conj           56%        2d6       1%          2

Your spell library contained the following spells:

 Spells                   Type           Power      Damage    Failure   Level
 Magic Dart               Conj           100%       1d8       1%          1
 Apportation              Tloc           26%        N/A       4%          1
 Sublimation of Blood     Necr           1%         N/A       24%         2
 Dazzling Flash           Conj/Hex       30%        N/A       12%         3
 Fulminant Prism          Conj/Hex       7%         3d7       38%         4
 Confusing Touch          Hex            1%         N/A       43%         3
 Irradiate                Conj/Tmut      7%         3d14      75%         5
 Petrify                  Tmut/Erth      1%         N/A       85%         4
 Alistair's Intoxication  Tmut/Pois      0%         N/A       99%         5
 Yara's Violent Unravell  Hex/Tmut       0%         3d3       99%         5
 Enfeeble                 Hex            0%         N/A       100%        7


Dungeon Overview and Level Annotations

Branches:
Dungeon (4/15)             Temple (1/1) D:4


Innate Abilities, Weirdness & Mutations

You have an increased reservoir of magic. (+10% MP)
You shall have no god before yourself.
Your divine heritage dramatically boosts your attributes as you level up.


Message History

The sky beast hits you but does no damage.
You completely miss the sky beast.
The sky beast is severely wounded.
The sky beast flickers out of sight!
Deactivating autopickup; reactivate with Ctrl-A.
Something hits you but does no damage.
You miss something. Something hits you but does no damage.
You barely miss something. You miss something.
Something hits you but does no damage.
You closely miss something. Something hits you but does no damage.
You closely miss something. Something hits you. Something shocks you.
* * * LOW HITPOINT WARNING * * *
You hit something. Something hits you but does no damage.
You barely miss something. Something hits you but does no damage.
You miss something.
Your transformation is almost over.
Something hits you but does no damage.
You barely miss something.
You are no longer berserk.
You are exhausted.
You feel yourself slow down. Something hits you but does no damage.
You closely miss something.
Something hits you but does no damage. x3
You barely miss something. Something hits you.
* * * LOW HITPOINT WARNING * * *
Something shocks you.
* * * LOW HITPOINT WARNING * * *
Something hits you but does no damage.
You barely miss something. Something hits you but does no damage.
A sky beast appears from thin air!
Reactivating autopickup.
The sky beast hits you but does no damage.
You barely miss the sky beast.
The sky beast is almost dead.
You feel less wooden.
Your +2 helmet unmelds from your body.
Your +0 pair of gloves unmelds from your body.
Your +0 robe unmelds from your body.
The sky beast hits you.
* * * LOW HITPOINT WARNING * * *
The sky beast shocks you.
You die...

##.....####.^... #
.##>...##.....## #.
..########...... #.. #
..#......#......
#.$#$#..#......#....##
#.$#$. #..##..#......
#...o# #..##..#.###..
#Y# #......#......
###@###......#......
###.....#'#)####......
#.........#.# ######..
#...#.#...#†###....##.
#....#....#.##......##
#....#....#.'..#..#..#
#...#.#...#.#...##...'
#.........#†#...##...'
###.....###'#..#..#..#


You could see a sky beast and an orc.

Vanquished Creatures
  A black bear (D:4)
  A necrophage (D:4)
  A gnoll bouda (D:4)
  Robin (D:2)
  6 gnolls (D:4)
  5 adders
  2 worms
  11 dart slugs
  2 orcs
  7 ball pythons
  10 endoplasms
  A giant cockroach (D:1)
  19 goblins
  8 hobgoblins
  8 jackals
  2 quokkas
  7 bats
  3 frilled lizards
  6 kobolds
  A rat (D:1)
102 creatures vanquished.

Notes
Turn   | Place    | Note
-------+----------+-------------------------------------------
     0 | D:1      | Armakuni the Demigod Conjurer began the quest for the Orb.
     0 | D:1      | Reached XP level 1. HP: 14/14 MP: 5/5
   288 | D:1      | Reached skill level 4 in Conjurations
   416 | D:1      | Reached XP level 2. HP: 20/20 MP: 5/7
   487 | D:1      | Learned a level 2 spell: Searing Ray
  1226 | D:2      | Noticed Robin
  1253 | D:2      | Reached XP level 3. HP: 22/22 MP: 5/8
  1262 | D:2      | Killed Robin
  1488 | D:2      | Reached skill level 5 in Conjurations
  2025 | D:3      | Reached XP level 4. HP: 31/33 MP: 1/9
  2410 | D:3      | Learned a level 4 spell: Iskenderun's Mystic Blast
  2894 | D:4      | Reached XP level 5. HP: 29/38 MP: 10/10
  2905 | D:4      | Reached skill level 1 in Translocations
  2952 | D:4      | Found a staircase to the Ecumenical Temple.
  2975 | Temple   | Entered the Ecumenical Temple
  3068 | D:4      | Reached skill level 6 in Conjurations
  3251 | D:4      | Noticed a black bear
  3260 | D:4      | Killed a black bear
  3261 | D:4      | Reached XP level 6. HP: 42/45 MP: 11/11
  3495 | D:4      | Slain by a sky beast

Illustrated notes

Levels and vault maps discovered:
D:1:      lemuel_arrival_cross, layout_basic,
          dreamdust_ecumenical_altar_angels_and_demons
D:2:      minmay_spotlight, layout_basic, uniq_robin
D:3:      kennysheep_slugbush, layout_rooms, mainiacjoe_overflow_six_doors_small
D:4:      minmay_polygon_palace, layout_rooms, minmay_temple_entry_offerings,
          portal_sewer_entry_b, hangedman_decor_peaks_small, grunt_tough_drop,
          uniq_crazy_yiuf_cottage
Temple:   oiseaux_autumnal_temple

Skill      XL: |  1  2  3  4  5 |
---------------+----------------+-----
Conjurations   | 4 5 6 |  6.6
Translocations | 2 |  2.9
Dodging        | |  1.7
Stealth        | |  1.7
Spellcasting   | |  1.7

Action                   |  1- 3 |  4- 6 || total
-------------------------+-------+-------++-------
Melee: Flail             |    24 |    39 ||    63
       Punch             |     1 |       ||     1
 Cast: Magic Dart        |    19 |    10 ||    29
       Searing Ray       |    25 |    30 ||    55
  Use: Scroll            |     8 |     5 ||    13
       Potion            |     1 |     2 ||     3
 Stab: Sleeping          |     2 |     1 ||     3
       Distracted        |       |     1 ||     1
Armor: Robe              |    20 |    30 ||    50
       Skin              |       |    21 ||    21
Dodge: Dodged            |    34 |    50 ||    84
